 Dungeon Crawl Stone Soup version 0.21.1-1-g345015f (webtiles) character file.

136 jerryfan the Charlatan (level 5, 0/47 HPs)
             Began as a Gnoll Wanderer on May 20, 2018.
             Slain by an iguana (6 damage)
             ... on level 3 of the Dungeon on May 21, 2018.
             The game lasted 00:15:17 (2668 turns).

jerryfan the Charlatan (Gnoll Wanderer)             Turns: 2668, Time: 00:15:17

Health: 0/47       AC:  2    Str: 14    XL:     5   Next: 19%
Magic:  6/9        EV: 12    Int: 15    God:
Gold:   98         SH:  0    Dex: 15    Spells: 6/10 levels left

rFire    + . .     SeeInvis .   a - +3 dagger
rCold    . . .     Gourm    .   (no shield)
rNeg     . . .     Faith    .   e - +0 robe
rPois    .         Spirit   .   (no helmet)
rElec    .         Reflect  .   (no cloak)
rCorr    .         Harm     .   (no gloves)
MR       .....                  (no boots)
Stlth    +++.......             (no amulet)
HPRegen  0.15/turn              (no ring)
MPRegen  0.11/turn              (no ring)

@: flying
A: distributed training, fangs 1, fire resistance 1, robust 1, MP-powered wands,
strong nose
a: no special abilities


You were on level 3 of the Dungeon.
You were not hungry.

You visited 1 branch of the dungeon, and saw 3 of its levels.

You collected 98 gold pieces.

Inventory:

Hand Weapons
 a - a +3 dagger (weapon)
 d - a +0 short sword
Missiles
 g - 44 stones
 i - 4 tomahawks (quivered)
 m - 7 curare-tipped needles
Armour
 e - a +0 robe (worn)
 o - a scarf of cloud immunity
Scrolls
 h - a scroll of magic mapping {unknown}
 j - a scroll of amnesia {unknown}
 k - a scroll of teleportation {unknown}
 l - a scroll of identify {unknown}
 n - a scroll of enchant weapon
 p - a scroll of fog {unknown}
Books
 c - the Handbook of the Rocks

   Spells                             Type                      Level
   a - Sandblast                      Earth                        1
   b - Stone Arrow                    Conjuration/Earth            3
Comestibles
 b - 3 chunks of flesh
 f - 4 rations


   Skills:
 + Level 4.7 Fighting
 + Level 2.9 Short Blades
 + Level 1.3 Long Blades
 + Level 1.3 Axes
 + Level 1.3 Maces & Flails
 + Level 1.3 Polearms
 + Level 1.3 Staves
 + Level 1.3 Slings
 + Level 1.3 Bows
 + Level 1.3 Crossbows
 + Level 1.3 Throwing
 + Level 1.3 Armour
 + Level 1.3 Dodging
 + Level 4.3 Stealth
 + Level 1.3 Shields
 + Level 1.3 Unarmed Combat
 + Level 3.1 Spellcasting
 + Level 1.1 Conjurations
 + Level 1.1 Hexes
 + Level 1.1 Charms
 + Level 1.1 Summonings
 + Level 1.1 Necromancy
 + Level 1.1 Translocations
 + Level 1.1 Transmutations
 + Level 2.3 Fire Magic
 + Level 1.1 Ice Magic
 + Level 1.1 Air Magic
 + Level 2.3 Earth Magic
 + Level 1.1 Poison Magic
 + Level 1.5 Invocations
 + Level 4.7 Evocations


You had 6 spell levels left.
You knew the following spells:

 Your Spells              Type           Power        Failure   Level  Hunger
a - Sandblast             Erth           #.....       8%          1    #......
b - Stone Arrow           Conj/Erth      #.....       28%         3    ###....


Dungeon Overview and Level Annotations

Branches:
Dungeon (3/15)

Altars:
Kikubaaqudgha
Nemelex Xobeh
Okawaru
Qazlal
Yredelemnul


Innate Abilities, Weirdness & Mutations

Your experience applies equally to all skills.
You have very sharp teeth.
Your uncanny sense of smell can sniff out nearby items.
Your flesh is heat resistant. (rF+)
You are robust. (+10% HP)
You expend magic power (3 MP) to strengthen your wands.


Message History

Aim: an iguana (heavily wounded)
The blast of sand hits the iguana.
The iguana is heavily wounded.
g - 45 stones The frilled lizard barely misses you.
The iguana closely misses you.
Casting: Sandblast
Confirm with . or Enter, or press ? or * to list all spells.
Aiming: Sandblast
Press: ? - help, Shift-Dir - straight line, f/p - iguana
Aim: an iguana (heavily wounded)
The blast of sand misses the iguana.
g - 44 stones The frilled lizard closely misses you.
The iguana bites you!
* * * LOW HITPOINT WARNING * * *
It was a potion of flight.
You feel very buoyant.
You fly up into the air.
The adder hisses angrily.
The frilled lizard closely misses you. The iguana bites you.
You die...

##...#...####'########
##...####............#
.....####............#
........+............#
.....####............#
.....####............#
.).....##............#
.....>.##......ll....#
.......##..S....@....#
###########.##########
#. 8 . # ######


You could see an iguana, an adder and a frilled lizard.

Vanquished Creatures
  The ghost of raikaria the Conjurer, a weakling DsCj (D:3)
  5 adders
  2 worms (D:2)
  3 dart slugs
  2 leopard geckos (D:2)
  An orc (D:3)
  8 bats
  3 giant cockroaches
  2 gnoll zombies (D:3)
  3 goblins
  6 hobgoblins
  5 frilled lizards
  2 kobolds
43 creatures vanquished.

Notes
Turn   | Place    | Note
-------+----------+-------------------------------------------
     0 | D:1      | jerryfan the Gnoll Wanderer began the quest for the Orb.
     0 | D:1      | jerryfan set off with: a +2 dagger, a potion of heal wounds, the Handbook of the Rocks, a +0 short sword, a +0 robe, a ration
     0 | D:1      | Reached XP level 1. HP: 20/20 MP: 4/4
    10 | D:1      | Learned a level 1 spell: Sandblast
    29 | D:1      | Identified the Handbook of the Rocks
   278 | D:1      | Reached XP level 2. HP: 26/26 MP: 5/5
   702 | D:2      | Reached XP level 3. HP: 19/31 MP: 1/7
   937 | D:2      | Reached skill level 1 in Invocations
   994 | D:2      | Reached skill level 1 in Long Blades
   994 | D:2      | Reached skill level 1 in Axes
   994 | D:2      | Reached skill level 1 in Maces & Flails
   994 | D:2      | Reached skill level 1 in Polearms
   994 | D:2      | Reached skill level 1 in Staves
   994 | D:2      | Reached skill level 1 in Slings
   994 | D:2      | Reached skill level 1 in Bows
   994 | D:2      | Reached skill level 1 in Crossbows
   994 | D:2      | Reached skill level 1 in Throwing
   994 | D:2      | Reached skill level 1 in Armour
   994 | D:2      | Reached skill level 1 in Dodging
   994 | D:2      | Reached skill level 1 in Shields
   994 | D:2      | Reached skill level 1 in Unarmed Combat
  1018 | D:2      | Found a stormy altar of Qazlal.
  1173 | D:2      | Gained mutation: Your flesh is heat resistant. (rF+) [potion of mutation]
  1173 | D:2      | Gained mutation: You expend magic power (3 MP) to strengthen your wands. [potion of mutation]
  1173 | D:2      | Gained mutation: You are robust. (+10% HP) [potion of mutation]
  1185 | D:2      | Reached XP level 4. HP: 22/41 MP: 8/8
  1210 | D:2      | HP: 2/41 [poisoned by an adder]
  1686 | D:3      | Learned a level 3 spell: Stone Arrow
  1699 | D:3      | Found an ancient bone altar of Kikubaaqudgha.
  1754 | D:3      | Found an iron altar of Okawaru.
  1857 | D:3      | Found a basalt altar of Yredelemnul.
  1916 | D:3      | Noticed raikaria's ghost (weakling DsCj)
  2026 | D:3      | Killed raikaria's ghost
  2026 | D:3      | Reached skill level 1 in Conjurations
  2026 | D:3      | Reached skill level 1 in Hexes
  2026 | D:3      | Reached skill level 1 in Charms
  2026 | D:3      | Reached skill level 1 in Summonings
  2026 | D:3      | Reached skill level 1 in Necromancy
  2026 | D:3      | Reached skill level 1 in Translocations
  2026 | D:3      | Reached skill level 1 in Transmutations
  2026 | D:3      | Reached skill level 1 in Ice Magic
  2026 | D:3      | Reached skill level 1 in Air Magic
  2026 | D:3      | Reached skill level 1 in Poison Magic
  2390 | D:3      | Reached XP level 5. HP: 33/47 MP: 3/9
  2628 | D:3      | Found a sparkling altar of Nemelex Xobeh.
  2668 | D:3      | Slain by an iguana

Skill      XL: |  1  2  3  4 |
---------------+-------------+-----
Fire Magic     | 2 |  2.3
Earth Magic    | 2 |  2.3
Invocations    | 1 |  1.5
Long Blades    | 1 |  1.3
Axes           | 1 |  1.3
Maces & Flails | 1 |  1.3
Polearms       | 1 |  1.3
Staves         | 1 |  1.3
Slings         | 1 |  1.3
Bows           | 1 |  1.3
Crossbows      | 1 |  1.3
Throwing       | 1 |  1.3
Armour         | 1 |  1.3
Dodging        | 1 |  1.3
Shields        | 1 |  1.3
Unarmed Combat | 1 |  1.3
Spellcasting   | 3 |  3.1
Conjurations   | 1 |  1.1
Hexes          | 1 |  1.1
Charms         | 1 |  1.1
Summonings     | 1 |  1.1
Necromancy     | 1 |  1.1
Translocations | 1 |  1.1
Transmutations | 1 |  1.1
Ice Magic      | 1 |  1.1
Air Magic      | 1 |  1.1
Poison Magic   | 1 |  1.1
Fighting       | |  4.7
Short Blades   | |  2.9
Stealth        | |  4.3
Evocations     | |  4.7

Action                   |  1- 3 |  4- 6 || total
-------------------------+-------+-------++-------
Melee: Dagger            |    92 |    42 ||   134
       Bite              |    14 |     5 ||    19
       Punch             |       |     1 ||     1
Throw: Tomahawk          |    18 |     9 ||    27
       Stone             |     4 |     1 ||     5
 Cast: Sandblast         |    18 |    22 ||    40
  Use: Potion            |     3 |     3 ||     6
       Scroll            |       |     1 ||     1
 Stab: Sleeping          |     2 |       ||     2
  Eat: Chunk             |     1 |     5 ||     6
Armor: Robe              |    10 |    16 ||    26
Dodge: Dodged            |    63 |    49 ||   112
